 Dungeon Crawl Stone Soup version 0.17-a0-802-g1f09329 (webtiles) character file.

320566 oplop the Acrobat (level 20, 0/111 HPs)
             Began as a Spriggan Enchanter on Apr 26, 2015.
             Was the Champion of Okawaru.
             Slain by a fire giant
             ... wielding a +2 great sword of flaming
              (3 damage)
             ... on level 2 of the Depths.
             The game lasted 04:01:54 (57349 turns).

oplop the Acrobat (Spriggan Enchanter)             Turns: 57349, Time: 04:01:54

Health: 0/111      AC:  8    Str:  9    XL:     20   Next: 62%
Magic:  53/63      EV: 39    Int: 28    God:    Okawaru [******]
Gold:   1789       SH: 11    Dex: 21    Spells: 16 memorised, 2 levels left

rFire  + . .     SeeInvis +     b - +9 quick blade (flame)
rCold  + + .     Clarity  .     Z - +2 robe {Archmagi}
rNeg   . . .     SustAb   .     G - +3 buckler of Inviolability {rC+ MP+9 Int+3}
rPois  +         Gourm    .     k - +1 hat {rC+}
rElec  .         Spirit   .     B - +2 cloak {rPois}
rCorr  .         Warding  .     (gloves unavailable)
rMut   .         Stasis   .     (boots unavailable)
MR     +++..                    H - amulet of faith
Stlth  +++++++++.               M - +3 ring of dexterity
                                R - ring "Emnar" {+Inv MP+9 Str+2}

@: deflect missiles, very quick, extremely resistant to hostile enchantments,
incredibly stealthy
A: unfitting armour, see invisible, clever 1, fire resistance 1, herbivore 3,
speed 3, slow metabolism 2, strong 1
a: Heroism, Finesse, Renounce Religion, Evoke Invisibility
}: 2/15 runes: serpentine, barnacled


You were on level 2 of the Depths.
You worshipped Okawaru.
Okawaru was exalted by your worship.
You were not hungry.

You visited 8 branches of the dungeon, and saw 46 of its levels.
You also visited: Labyrinth, Ossuary and Ice Cave.

You collected 5105 gold pieces.
You spent 3316 gold pieces at shops.

Inventory:

Hand weapons
 b - a +9 quick blade of flaming (weapon)
 v - the +6 rapier of Jyashus {pain, +Blink +Fly rF+++ Dex-2}
   (Okawaru gifted it to you on level 3 of the Vaults)

   In the hands of one skilled in necromantic magic, it inflicts extra damage on
   living creatures.
   It affects your dexterity (-2).
   It renders you almost immune to fire.
   It lets you fly.
   It lets you blink.
 I - the +5 rapier of the Lame Duck {pierce, rC+ Dex+5}
   (Okawaru gifted it to you on level 12 of the Dungeon)

   It inflicts extra damage upon your enemies.
   It affects your dexterity (+5).
   It protects you from cold.
 J - a +1 short sword of venom
Armour
 k - a +1 hat of cold resistance (worn)
 B - a +2 cloak of poison resistance (worn)
 G - the +3 buckler of Inviolability (worn) {rC+ MP+9 Int+3}
   (Okawaru gifted it to you on level 2 of the Elven Halls)

   It affects your intelligence (+3).
   It protects you from cold.
   It affects your magic capacity (+9).
 Z - a +2 robe of the Archmagi (worn)
Jewellery
 i - an uncursed ring of protection from magic
 x - an uncursed amulet of resist mutation
 y - an uncursed ring of protection from fire
 C - an uncursed ring of sustain abilities
 H - an amulet of faith (around neck)
 K - an uncursed ring of wizardry
 M - a +3 ring of dexterity (right hand)
 R - the ring "Emnar" (left hand) {+Inv MP+9 Str+2}
   (You took it off a deep elf demonologist on level 3 of the Elven Halls)

   [ring of magical power]

   It affects your strength (+2).
   It affects your magic capacity (+9).
   It lets you turn invisible.
Magical devices
 l - a wand of disintegration (16)
 q - a wand of heal wounds (5)
 s - a wand of digging (12)
 t - a wand of heal wounds (3)
 Q - a wand of random effects (38)
 U - a wand of teleportation (4)
Scrolls
 e - 3 scrolls of fog
 n - 2 scrolls of magic mapping
 u - 2 scrolls of recharging
 w - 11 scrolls of remove curse
 z - 4 scrolls of blinking
 A - 10 scrolls of teleportation
 F - a scroll of enchant weapon
 L - a scroll of summoning
 N - a scroll of enchant armour
 O - a scroll of fear
Potions
 c - a potion of resistance
 f - 5 potions of lignification
 g - 4 potions of cancellation
 h - 4 potions of agility
 j - 3 potions of invisibility
 m - 3 potions of heal wounds
 o - 2 potions of magic
 p - 6 potions of ambrosia
 D - a potion of berserk rage
 E - 7 potions of brilliance
 S - 4 potions of haste
 T - 8 potions of curing
 V - a potion of might
Books
 a - a book of Enchantments

   Spells                             Type                      Level
   a - Cause Fear                     Hexes                        4
   b - Silence                        Hexes/Air                    5
   c - Deflect Missiles               Charms/Air                   6
   d - Haste                          Charms                       6
   e - Discord                        Hexes                        8
 r - a book of Power

   Spells                             Type                      Level
   a - Fulminant Prism                Conjuration/Hexes            4
   b - Iskenderun's Mystic Blast      Conjuration                  4
   c - Venom Bolt                     Conjuration/Poison           5
   d - Bolt of Magma                  Conjuration/Fire/Earth       5
   e - Iron Shot                      Conjuration/Earth            6
   f - Orb of Destruction             Conjuration                  7
   g - Spellforged Servitor           Conjuration/Summoning        7
Comestibles
 d - 23 bread rations
 P - 5 fruits


   Skills:
 + Level 14.2 Fighting
 - Level 10.5 Short Blades
 + Level 23.1 Dodging
 + Level 20.0 Stealth
 - Level 6.1 Shields
 - Level 20.1 Spellcasting
 - Level 10.6 Hexes
 - Level 10.5 Charms
 - Level 10.0 Translocations
 - Level 4.6 Air Magic
 - Level 7.7 Evocations


You had 2 spell levels left.
You knew the following spells:

 Your Spells              Type           Power        Failure   Level  Hunger
a - Spectral Weapon       Hex/Chrm       #######.     1%          3    None
b - Ensorcelled Hibernat  Hex/Ice        ######       1%          2    None
c - Confuse               Hex            #######.     1%          3    None
d - Tukima's Dance        Hex            #######.     1%          3    None
e - Dazzling Spray        Conj/Hex       ######..     1%          3    None
f - Mephitic Cloud        Conj/Pois/Air  ######..     2%          3    None
g - Control Teleport      Chrm/Tloc      #######...   1%          4    None
h - Invisibility          Hex            #######.     3%          6    None
i - Passage of Golubria   Tloc           N/A          1%          4    None
j - Phase Shift           Tloc           #######...   1%          5    None
k - Ozocubu's Armour      Chrm/Ice       ######..     1%          3    None
l - Flight                Chrm/Air       #######...   1%          3    None
m - Deflect Missiles      Chrm/Air       #######...   12%         6    None
n - Summon Butterflies    Summ           #####...     1%          1    None
o - Blink                 Tloc           N/A          1%          2    None
p - Haste                 Chrm           #######.     3%          6    None


Dungeon Overview and Level Annotations

Branches:
Dungeon (15/15)            Temple (0/1) D:5            Lair (8/8) D:8
 Shoals (5/5) Lair:3        Snake (5/5) Lair:6        Slime (0/6) Lair:7
    Orc (4/4) D:12            Elf (3/3) Orc:3        Vaults (4/5) D:13
  Crypt (0/3) Vaults:2     Depths (2/5) D:15

Altars:
Ashenzari
Dithmenos
Elyvilon
Fedhas
Gozag
Kikubaaqudgha
Makhleb
Nemelex Xobeh
Okawaru
Ru
Sif Muna
Vehumet
Xom
Yredelemnul
Zin
Beogh
Jiyva

Shops:
D:5 }   D:8 *   D:10 %   Orc:3 %   Orc:4 }[*:*   Elf:1 **(*[   Elf:2 ?
Shoals:4 *   Snake:2 }   Snake:4 [

Portals:
Hell: Depths:1

Annotations:
D:8 exclusion: 2 oklob saplings
D:11 1 runed door
Shoals:5 Ilsuiw
Snake:5 Mara
Vaults:1 exclusion: obsidian statue, Nikola
Depths:1 1 runed door


Innate Abilities, Weirdness & Mutations

You are tiny and cannot use many weapons and most armour.
You have supernaturally acute eyesight.
You are a herbivore.
You cover ground extremely quickly.
You need consume almost no food.
Your mind is acute. (Int +2)
Your flesh is heat resistant.
Your muscles are strong. (Str +2)


Message History

Press: ? - help, Shift-Dir - straight line, f - fire giant
Aim: a fire giant, wielding a great sword of flaming (chance 38%)
You feel a surge of power!
The fire giant resists with some effort.
Casting: Confuse
Confirm with . or Enter, or press ? or * to list all spells.
Aiming: Tukima's Dance
Press: ? - help, Shift-Dir - straight line, f/p - fire giant
Aim: a fire giant, wielding a great sword of flaming (chance 74%)
You feel a surge of power!
The fire giant struggles to resist.
Casting: Tukima's Dance
Confirm with . or Enter, or press ? or * to list all spells.
Aiming: Tukima's Dance
Press: ? - help, Shift-Dir - straight line, f/p - fire giant
Aim: a fire giant, wielding a great sword of flaming (chance 74%)
You feel a surge of power!
The fire giant struggles to resist.
The fire giant hits you with a great sword of flaming!!
* * * LOW HITPOINT WARNING * * *
The fire giant burns you.
You die...

###############
...............#.###
....................##
............<..........
........................
..................).....
................)..)....
#......................
###...C@(...............
#......†................
###.....................
##.............#......
#.##..........##.##.....
#........#..###†(.(....
#........##.# ####...(.
#..........## #..#..
#.........## #.##..


You could see a fire giant and a friendly spectral quick blade of flaming.

Vanquished Creatures
  Norris (Depths:1)
  A lich (Vaults:2)
  2 deep elf blademasters (Elf:3)
  2 deep elf master archers (Elf:3)
  Polyphemus (Shoals:2)
  Agnes (Snake:1)
  Kirke (Lair:7)
  Roxanne (Shoals:3)
  Wiglaf (Elf:3)
  Donald (Orc:4)
  A fire giant (Depths:1)
  5 greater nagas
  A frost giant (D:12)
  4 deep elf sorcerers (Elf:3)
  A balrug (Depths:1)
  7 ironheart preservers
  The ghost of Lokkij the Brawler, a powerful TrMo (Lair:7)
  4 stone giants
  A war gargoyle (Vaults:4)
  9 rakshasas
  4 deep elf demonologists
  4 deep elf annihilators
  4 merfolk javelineers (Shoals:5)
  3 deep elf death magi (Elf:3)
  Snorg (Lair:6)
  2 blizzard demons (IceCv)
  A minotaur (Lab)
  5 merfolk impalers (Shoals:5)
  A fire dragon (Vaults:1)
  Josephine (Lair:7)
  4 yaktaur captains
  A deep elf high priest (Elf:3)
  Erolcha (D:12)
  A great orb of eyes (Vaults:2)
  7 naga warriors
  3 ice dragons
  7 hydras
  A merfolk avatar (Shoals:3)
  11 anacondas
  3 alligator snapping turtles (Shoals:5)
  2 merfolk aquamancers
  8 dancing weapons (Elf:2)
  4 ogre magi
  2 catoblepae
  2 satyrs (Shoals:5)
  5 deep troll shamans
  10 centaur warriors
  8 death yaks
  2 salamander stormcallers
  8 shock serpents
  An orc high priest (Orc:4)
  An alligator (shapeshifter) (D:15)
  The ghost of RobertPalmer the Sharpshooter, a powerful KoHu of Okawaru (Lair:1)
  7 naga sharpshooters
  3 deep troll earth magi
  Urug (D:14)
  A spriggan berserker (D:15)
  Sonja (D:10)
  A fire crab (Lair:8)
  2 salamander mystics (Snake:5)
  4 skeletal warriors (D:14)
  A shadow wraith (Vaults:3)
  7 ice devils (IceCv)
  An iron troll (Depths:1)
  2 giant orange brains
  20 deep elf knights
  A flayed ghost (Vaults:3)
  4 naga ritualists
  17 deep trolls
  4 ice statues
  4 orc knights
  17 sea snakes
  12 deep elf summoners
  2 orc sorcerers
  3 hornets (Vaults:2)
  7 unseen horrors
  15 deep elf conjurers
  A necromancer (Vaults:3)
  5 ironbrand convokers
  A wizard (Vaults:3)
  An orb spider (shapeshifter) (D:14)
  4 hill giants
  A lindwurm (Lair:8)
  A wolf spider zombie (D:14)
  A stone giant zombie (Vaults:3)
  8 cyclopes
  7 mana vipers
  11 ugly things
  8 salamanders
  10 griffons
  A wolf spider (D:15)
  A wolf spider (shapeshifter) (D:15)
  17 harpies
  9 manticores
  31 elephants
  4 fauns
  4 water nymphs
  14 naga magi
  7 sirens
  A fire giant skeleton (Vaults:3)
  8 spiny frogs
  34 black mambas
  8 centaur zombies
  5 guardian serpents
  A torpor snail (shapeshifter) (D:15)
  2 spiny frogs (shapeshifter)
  12 yaktaurs
  2 gargoyles
  7 vault sentinels
  11 komodo dragons
  A komodo dragon (shapeshifter) (D:12)
  2 demonic crawlers (Elf:2)
  A jumping spider (Vaults:3)
  A kobold demonologist (Vaults:2)
  A fire drake (Lair:7)
  The ghost of Conn321 the Thaumaturge, an experienced DESu of Sif Muna (D:7)
  13 deep elf priests
  19 merfolk
  5 polar bears
  3 freezing wraiths
  2 wandering mushrooms (D:8)
  2 trolls
  5 wind drakes
  A wind drake (shapeshifter) (Vaults:2)
  8 blue devils
  9 two-headed ogres
  9 blink frogs
  A fire drake (shapeshifter) (Elf:3)
  44 slime creatures
  A snapping turtle (shapeshifter) (D:15)
  4 boulder beetles
  10 water elementals
  A trapdoor spider (D:12)
  A centaur simulacrum (D:12)
  8 redbacks
  10 snapping turtles
  A tarantella (Elf:2)
  2 wyverns
  A vampire (D:15)
  5 wraiths
  42 deep elf fighters
  6 basilisks
  4 hogs (Lair:7)
  A yak (shapeshifter) (D:13)
  25 deep elf magi
  34 yaks
  2 shadows
  2 hungry ghosts
  2 mottled dragons
  10 hippogriffs
  Menkaure (D:7)
  16 wolves
  35 nagas
  11 vampire mosquitoes
  A mottled dragon (shapeshifter) (Elf:3)
  31 water moccasins
  2 wargs (Orc:3)
  4 phantoms
  5 sky beasts
  A wasp (D:15)
  16 ogres
  15 orc warriors
  2 black bears (shapeshifter)
  4 black bears
  8 porcupines
  2 eyes of draining
  7 spiders (Snake:3)
  An ice beast (D:10)
  A boggart (D:12)
  15 centaurs
  15 crocodiles
  2 boring beetles
  2 human zombies (Vaults:3)
  21 giant frogs
  3 scorpions
  A wyvern skeleton (D:7)
  A water moccasin skeleton (D:6)
  An elf zombie (Vaults:3)
  12 killer bees
  10 wights
  2 human simulacra (Vaults:1)
  6 jellies
  7 crimson imps
  4 electric eels
  A giant frog zombie (D:13)
  12 orc priests
  8 hounds
  19 orc wizards
  A giant frog skeleton (D:10)
  9 centaur skeletons
  16 worker ants
  6 iguanas
  6 sheep
  4 hell rats (Elf:2)
  2 mummies
  A hound skeleton (D:6)
  3 worker ant zombies
  21 adders
  4 gnolls
  3 shadow imps
  40 river rats
  6 white imps (IceCv)
  10 ufetubi (IceCv)
  An adder zombie (D:8)
  2 oozes
  2 adder skeletons
  4 worms
  6 giant geckos
  134 orcs
  9 ball pythons
  15 bats
  A bat skeleton (D:7)
  5 giant cockroaches
  19 goblins
  19 hobgoblins
  7 jackals
  4 quokkas
  A giant gecko skeleton (D:8)
  A giant gecko zombie (D:6)
  6 giant newts
  3 giant spores
  2 gnoll skeletons (Ossuary)
  16 kobolds
  3 kobold skeletons (Ossuary)
  5 orc skeletons (Ossuary)
  12 rats
  7 ballistomycetes
  2 fungi (Lair:7)
  A plant (D:8)
1564 creatures vanquished.

Vanquished Creatures (collateral kills)
  A deep elf sorcerer (Elf:3)
  A vault warden (Vaults:1)
  A frost giant (Depths:1)
  4 ironheart preservers
  4 deep elf demonologists
  A deep elf annihilator (Elf:3)
  2 merfolk javelineers
  A merfolk impaler (Shoals:2)
  2 ettins
  2 deep elf death magi
  A great orb of eyes (Vaults:3)
  Fannar (D:11)
  A deep elf high priest (Elf:3)
  A naga warrior (Snake:5)
  A centaur warrior (Depths:1)
  3 ogre magi
  2 salamander stormcallers (Vaults:2)
  2 orc high priests (Orc:4)
  2 naga sharpshooters (Snake:5)
  2 deep elf knights
  A deep troll (Vaults:3)
  A salamander mystic (Snake:4)
  A deep elf summoner (Elf:2)
  5 hill giants
  2 naga ritualists (Snake:2)
  A necromancer (D:13)
  3 mana vipers (Snake:2)
  An ironbrand convoker (Vaults:2)
  A griffon (Shoals:2)
  A deep elf conjurer (Vaults:1)
  A wizard (D:13)
  2 orc sorcerers (Orc:4)
  5 salamanders
  6 orc knights
  A cyclops (Vaults:2)
  2 guardian serpents (Snake:3)
  A siren (Shoals:5)
  A slime creature (Vaults:2)
  A vault sentinel (Vaults:2)
  10 naga magi
  A gargoyle (D:12)
  4 deep elf priests
  5 merfolk
  6 two-headed ogres
  A troll (D:9)
  A redback (Elf:2)
  5 deep elf magi
  3 deep elf fighters
  17 nagas
  A water moccasin (Snake:2)
  13 orc warriors
  22 ogres
  2 big kobolds (D:10)
  3 wights
  5 orc wizards
  8 orc priests
  A hell rat (Elf:2)
  A sheep (Vaults:1)
  2 gnolls (D:5)
  An adder (D:12)
  22 orcs
  A hobgoblin (D:8)
  A ball python (Snake:3)
  10 kobolds
218 creatures vanquished.

Vanquished Creatures (others)
  12 spectral weapons
  An ironbrand convoker (Vaults:2)
  A sea snake (Shoals:5)
  A deep elf conjurer (Elf:1)
  37 dancing weapons
  2 deep elf fighters
  A naga (Snake:4)
  A warg (Vaults:4)
  An ogre (Vaults:3)
  A giant frog (D:10)
  An ufetubus (IceCv)
  A giant spore (D:7)
  A ballistomycete (D:7)
  5 butterflies (D:15)
  7 fungi
  4 plants
77 creatures vanquished.

Grand Total: 1859 creatures vanquished

Notes
Turn   | Place    | Note
--------------------------------------------------------------
     0 | D:1      | oplop, the Spriggan Enchanter, began the quest for the Orb.
     0 | D:1      | Reached XP level 1. HP: 9/9 MP: 5/5
   400 | D:1      | Reached XP level 2. HP: 4/13 MP: 5/7
  1112 | D:1      | Learned a level 2 spell: Ensorcelled Hibernation
  1173 | D:2      | Found a glowing silver altar of Zin.
  1176 | D:2      | Noticed an angel
  1407 | D:2      | Found a shimmering altar of Xom.
  1449 | D:2      | Reached XP level 3. HP: 8/16 MP: 6/8
  1663 | D:2      | Found an iron altar of Okawaru.
  1742 | D:2      | Became a worshipper of Warmaster Okawaru
  2037 | D:2      | Learned a level 3 spell: Confuse
  2041 | D:2      | Learned a level 3 spell: Tukima's Dance
  2149 | D:2      | Reached XP level 4. HP: 21/21 MP: 10/10
  2271 | D:2      | Reached skill level 5 in Hexes
  2919 | D:3      | Noticed an ogre
  2923 | D:3      | Killed an ogre
  2923 | D:3      | Acquired Okawaru's first power
  2923 | D:3      | Reached XP level 5. HP: 24/24 MP: 8/12
  3152 | D:3      | Gained mutation: Your muscles are strong. (Str +2) [potion of beneficial mutation]
  3774 | D:4      | Found a shimmering altar of Xom.
  3975 | D:4      | Reached XP level 6. HP: 28/28 MP: 5/14
  4101 | D:4      | Reached skill level 5 in Spellcasting
  4539 | D:5      | Entered Level 5 of the Dungeon
  4567 | D:5      | Reached skill level 6 in Hexes
  4695 | D:5      | Found Zumm's Gadget Boutique.
  4798 | D:5      | Found a staircase to the Ecumenical Temple.
  5241 | D:6      | Noticed a yak
  5242 | D:6      | Gained mutation: Your mind is acute. (Int +2) [potion of beneficial mutation]
  5330 | D:6      | Reached XP level 7. HP: 26/32 MP: 5/16
  5433 | D:6      | Killed a yak
  5433 | D:6      | Reached skill level 5 in Stealth
  5625 | D:6      | Found a sand-covered staircase.
  5695 | Ossuary  | Entered an ossuary
  5695 | Ossuary  | Noticed a wraith
  5695 | Ossuary  | Noticed a wraith
  5695 | Ossuary  | Noticed a wraith
  5762 | Ossuary  | Noticed a wraith
  5974 | D:6      | Reached skill level 5 in Dodging
  6112 | D:6      | Reached skill level 7 in Hexes
  6250 | D:6      | Reached XP level 8. HP: 15/36 MP: 1/18
  7204 | D:5      | Reached skill level 8 in Stealth
  7418 | D:6      | Found a burning altar of Makhleb.
  7419 | D:6      | Found a deep blue altar of Sif Muna.
  7597 | D:6      | Reached skill level 9 in Stealth
  7712 | D:7      | Noticed Menkaure
  7726 | D:7      | Killed Menkaure
  7726 | D:7      | Reached skill level 1 in Fighting
  7987 | D:7      | Reached XP level 9. HP: 35/41 MP: 10/20
  7993 | D:7      | Noticed Conn321's ghost (experienced DESu)
  8008 | D:7      | Killed Conn321's ghost
  8008 | D:7      | Reached skill level 5 in Short Blades
  8173 | D:7      | Found a sparkling altar of Nemelex Xobeh.
  8177 | D:7      | Found an opulent altar of Gozag.
  8178 | D:7      | Found a radiant altar of Vehumet.
  8179 | D:7      | Found an ancient bone altar of Kikubaaqudgha.
  8824 | D:7      | Received a gift from Okawaru
  8992 | D:8      | Found a shadowy altar of Dithmenos.
  9051 | D:8      | Found a shattered altar of Ashenzari.
  9062 | D:8      | Found a sacrificial altar of Ru.
  9130 | D:8      | Found Halen's Assorted Antiques.
  9151 | D:8      | Bought a scroll labeled DEULUK LOEHU for 29 gold pieces
  9177 | D:8      | Found a staircase to the Lair.
  9178 | D:8      | Noticed a komodo dragon
  9200 | D:8      | Killed a komodo dragon
  9305 | D:8      | Acquired Okawaru's second power
  9648 | D:8      | Reached XP level 10. HP: 49/49 MP: 20/23
  9655 | D:8      | Found a blossoming altar of Fedhas.
  9892 | D:9      | Noticed a brown ugly thing
  9903 | D:9      | Killed a brown ugly thing
  9903 | D:9      | Reached skill level 10 in Hexes
 10140 | D:9      | Found an opulent altar of Gozag.
 10690 | D:10     | Entered Level 10 of the Dungeon
 10813 | D:10     | Received a gift from Okawaru
 11010 | D:10     | Found a shattered altar of Ashenzari.
 11326 | D:10     | Found Wamugh's Food Shop.
 11340 | D:10     | Noticed Sonja
 11365 | D:10     | Killed Sonja
 11365 | D:10     | Reached skill level 5 in Fighting
 11365 | D:10     | Reached skill level 10 in Spellcasting
 11386 | D:10     | Bought 3 fruits for 49 gold pieces
 11386 | D:10     | Bought 3 fruits for 49 gold pieces
 11673 | D:11     | Noticed a hill giant
 11683 | D:11     | Killed a hill giant
 11683 | D:11     | Reached XP level 11. HP: 56/56 MP: 20/26
 11695 | D:11     | Found a white marble altar of Elyvilon.
 11695 | D:11     | Found a runed door.
 11695 | D:11     | Noticed an angel
 11785 | D:11     | Noticed Fannar
 11963 | D:11     | Got a transparent lead ring
 11976 | D:11     | Identified the ring "Zuucoestroutu" {+Blink rPois rF+ rC-} (You found it on level 11 of the Dungeon)
 12050 | D:11     | Noticed a hill giant
 12060 | D:11     | Killed a hill giant
 12218 | D:11     | Noticed a cyclops
 12237 | D:11     | Killed Fannar
 12241 | D:11     | Killed a cyclops
 12328 | D:11     | Learned a level 3 spell: Dazzling Spray
 12343 | D:11     | Learned a level 3 spell: Mephitic Cloud
 12554 | D:11     | Noticed a hill giant
 12560 | D:11     | Killed a hill giant
 12712 | D:12     | Noticed a hill giant
 12723 | D:12     | Killed a hill giant
 12755 | D:12     | Reached skill level 11 in Spellcasting
 12767 | D:12     | Noticed Erolcha
 12785 | D:12     | Killed Erolcha
 12785 | D:12     | Reached skill level 10 in Dodging
 12921 | D:12     | Found a staircase to the Orcish Mines.
 13017 | D:12     | Received a gift from Okawaru
 13104 | D:12     | Noticed an unseen horror
 13111 | D:12     | Killed an unseen horror
 13222 | D:12     | Reached XP level 12. HP: 62/62 MP: 14/28
 13442 | D:12     | Noticed a five-headed hydra
 13457 | D:12     | Killed a five-headed hydra
 13457 | D:12     | Reached skill level 10 in Short Blades
 13485 | D:12     | Noticed an ice dragon
 13485 | D:12     | Noticed a yaktaur captain
 13700 | Lair:1   | Entered Level 1 of the Lair of Beasts
 13700 | Lair:1   | Noticed RobertPalmer's ghost (powerful KoHu)
 13711 | Lair:1   | Killed RobertPalmer's ghost
 14187 | Lair:1   | Reached skill level 12 in Spellcasting
 14679 | Lair:2   | Found a labyrinth entrance.
 14685 | Lab      | Entered a labyrinth
 14981 | Lab      | Noticed a minotaur
 14985 | Lab      | Killed a minotaur
 15287 | Lair:2   | Reached skill level 10 in Stealth
 15787 | Lair:3   | Received a gift from Okawaru
 15933 | Lair:3   | Got a smoking robe
 16178 | Lair:3   | Reached XP level 13. HP: 65/68 MP: 20/30
 16217 | Lair:3   | Reached skill level 13 in Dodging
 16277 | Lair:3   | Noticed a six-headed hydra
 16306 | Lair:3   | Killed a six-headed hydra
 16366 | Lair:3   | Found a staircase to the Shoals.
 16613 | Lair:4   | Identified the cursed +0 robe of Purpose {MR+ MP+9 SInv} (You found it on level 3 of the Lair of Beasts)
 16909 | Lair:4   | Learned a level 4 spell: Control Teleport
 17036 | Lair:4   | Reached skill level 1 in Translocations
 18013 | Lair:6   | Received a gift from Okawaru
 18013 | Lair:6   | Reached skill level 1 in Shields
 18039 | Lair:6   | Found a staircase to the Snake Pit.
 18066 | Lair:6   | Noticed Snorg
 18117 | Lair:6   | Killed Snorg
 18149 | Lair:6   | Learned a level 6 spell: Invisibility
 18188 | Lair:6   | Got a steaming robe
 18199 | Lair:6   | Identified the +0 robe of Codye {rPois rN+ Regen+ Dex+3} (You found it on level 6 of the Lair of Beasts)
 18587 | Lair:6   | Found a shattered altar of Ashenzari.
 19240 | Lair:7   | Found a staircase to the Slime Pits.
 19242 | Lair:7   | Found a viscous altar of Jiyva.
 19427 | Lair:7   | Reached skill level 5 in Shields
 19446 | Lair:7   | Noticed Kirke
 19672 | Lair:7   | Killed Kirke
 19872 | Lair:7   | Noticed Lokkij's ghost (powerful TrMo)
 19888 | Lair:7   | Killed Lokkij's ghost
 19888 | Lair:7   | Reached XP level 14. HP: 64/74 MP: 6/32
 20418 | Lair:7   | Noticed Josephine
 20481 | Lair:7   | Received a gift from Okawaru
 20482 | Lair:7   | Got a crude quick blade {god gift}
 20483 | Lair:7   | Identified the +1 quick blade "Hiotu" {drain, rPois rF+ rC- Int+4} (Okawaru gifted it to you on level 7 of the Lair of Beasts)
 20596 | Lair:7   | Killed Josephine
 20631 | Lair:7   | Reached skill level 14 in Dodging
 20631 | Lair:7   | Reached skill level 5 in Translocations
 21106 | Lair:8   | Entered Level 8 of the Lair of Beasts
 21217 | Lair:8   | Learned a level 4 spell: Passage of Golubria
 21901 | Lair:8   | Received a gift from Okawaru
 22558 | Lair:8   | Reached skill level 15 in Dodging
 22585 | Lair:8   | Learned a level 5 spell: Phase Shift
 23052 | D:12     | Killed a yaktaur captain
 23099 | D:12     | Noticed a frost giant
 23436 | D:13     | Found a gate to the Vaults.
 24090 | D:14     | Reached XP level 15. HP: 79/79 MP: 33/33
 24105 | D:14     | Noticed Urug
 24109 | D:14     | Killed Urug
 24109 | D:14     | Received a gift from Okawaru
 24923 | D:14     | Reached skill level 10 in Fighting
 24968 | D:15     | Entered Level 15 of the Dungeon
 25031 | D:15     | Found an iron altar of Okawaru.
 25032 | D:15     | Reached skill level 16 in Dodging
 25243 | D:15     | Received a gift from Okawaru
 25913 | D:15     | Found a staircase to the Depths.
 26561 | D:12     | Received a gift from Okawaru
 26565 | D:12     | Got a crude rapier {god gift}
 26566 | D:12     | Identified the +5 rapier of the Lame Duck {pierce, rC+ Dex+5} (Okawaru gifted it to you on level 12 of the Dungeon)
 26594 | D:12     | Reached skill level 17 in Dodging
 26685 | D:12     | Killed an ice dragon
 26735 | D:12     | Noticed an unseen horror
 26738 | D:12     | Killed an unseen horror
 26800 | Orc:1    | Entered Level 1 of the Orcish Mines
 26800 | Orc:1    | Found a burning altar of Makhleb.
 27984 | Orc:3    | Found Qopeyph's Food Boutique.
 28017 | Orc:3    | Bought a bread ration for 65 gold pieces
 28017 | Orc:3    | Bought a bread ration for 65 gold pieces
 28017 | Orc:3    | Bought a bread ration for 65 gold pieces
 28017 | Orc:3    | Bought a bread ration for 65 gold pieces
 28017 | Orc:3    | Bought a bread ration for 65 gold pieces
 28135 | Orc:3    | Found a staircase to the Elven Halls.
 28205 | Orc:3    | Found a roughly hewn altar of Beogh.
 28416 | Orc:4    | Entered Level 4 of the Orcish Mines
 28458 | Orc:4    | Found Piat's General Store.
 28494 | Orc:4    | Noticed Donald
 28499 | Orc:4    | Killed Donald
 28499 | Orc:4    | Reached skill level 15 in Spellcasting
 28617 | Orc:4    | Bought an uncursed amulet of faith for 560 gold pieces
 28875 | Orc:4    | Reached skill level 15 in Stealth
 29231 | Orc:4    | Found Piolu's Gadget Emporium.
 29232 | Orc:4    | Found Cosun's Armour Shop.
 29234 | Orc:4    | Found Cuasacai's General Store.
 29238 | Orc:4    | Found Guuqeax's Book Shop.
 29246 | Orc:4    | Bought a potion of beneficial mutation for 490 gold pieces
 29246 | Orc:4    | Gained mutation: Your flesh is heat resistant. [potion of beneficial mutation]
 29248 | Orc:4    | Bought the Disquisition on the Glacier for 555 gold pieces
 29252 | Orc:4    | Learned a level 3 spell: Ozocubu's Armour
 29400 | D:12     | Received a gift from Okawaru
 29680 | Snake:1  | Entered Level 1 of the Snake Pit
 29687 | Snake:1  | Reached skill level 1 in Charms
 29710 | Snake:1  | Identified a scroll of acquirement
 29711 | Snake:1  | Got a crude buckler
 29722 | Snake:1  | Identified the +3 buckler of the Serpent {-Tele MR+ Int+3 Dex+6} (You acquired it on level 1 of the Snake Pit)
 30098 | Snake:1  | Noticed Agnes
 30105 | Snake:1  | Killed Agnes
 30105 | Snake:1  | Reached XP level 16. HP: 86/86 MP: 36/36
 30447 | Snake:2  | Found Kuocwosm's Gadget Emporium.
 30545 | Snake:2  | Received a gift from Okawaru
 30545 | Snake:2  | Reached skill level 5 in Charms
 30546 | Snake:2  | Got an ivory trident {god gift}
 30547 | Snake:2  | Identified the +4 trident of Strategic Superiority {pierce, rElec} (Okawaru gifted it to you on level 2 of the Snake Pit)
 31149 | Snake:2  | Reached skill level 18 in Dodging
 31518 | Snake:3  | Found a frozen archway.
 31782 | IceCv    | Entered an ice cave
 32070 | IceCv    | Received a gift from Okawaru
 32539 | IceCv    | Got a fine demon blade
 32545 | IceCv    | Identified the +6 demon blade "Fiqeodd" {flame, Int+5 Stlth+} (You found it in an ice cave)
 33533 | Snake:3  | Reached skill level 10 in Charms
 33996 | Snake:3  | Received a gift from Okawaru
 34648 | Snake:4  | Found Georuch's Armour Boutique.
 35154 | Snake:5  | Entered Level 5 of the Snake Pit
 35656 | Snake:5  | Noticed Mara
 36092 | Snake:5  | Received a gift from Okawaru
 36112 | Snake:5  | Got a warped robe {god gift}
 36113 | Snake:5  | Identified the +2 robe of Lifelessness {rC+ rN+} (Okawaru gifted it to you on level 5 of the Snake Pit)
 36118 | Snake:5  | Reached XP level 17. HP: 88/91 MP: 29/38
 36432 | Snake:5  | Reached skill level 10 in Translocations
 36765 | Snake:5  | Noticed oplop's illusion
 36840 | Snake:5  | HP: 3/91 [Mara (illusionary)/demon trident of freezing (16)]
 36853 | Snake:4  | Upgraded the game from 0.17-a0-777-g32247ce to 0.17-a0-802-g1f09329
 37145 | Snake:4  | Reached skill level 1 in Evocations
 37660 | Orc:4    | Bought a book of the Sky for 975 gold pieces
 37664 | Orc:4    | Learned a level 3 spell: Spectral Weapon
 37671 | Orc:4    | Learned a level 6 spell: Deflect Missiles
 38175 | Snake:5  | Noticed oplop's illusion
 38324 | Snake:5  | Reached skill level 1 in Air Magic
 38575 | Snake:5  | Noticed oplop's illusion
 38839 | Snake:5  | HP: 1/91 [greater naga/spear (10)]
 39125 | Snake:5  | Reached skill level 5 in Evocations
 39195 | Snake:5  | Received a gift from Okawaru
 39683 | Snake:5  | Got a serpentine rune of Zot
 39721 | Snake:5  | Received a gift from Okawaru
 39783 | Snake:5  | Noticed oplop's illusion
 40089 | Shoals:1 | Entered Level 1 of the Shoals
 40174 | Lair:1   | Learned a level 3 spell: Flight
 41001 | Shoals:2 | Noticed Polyphemus
 41010 | Shoals:2 | Reached skill level 19 in Dodging
 41014 | Shoals:2 | Killed Polyphemus
 41014 | Shoals:2 | Received a gift from Okawaru
 41025 | Shoals:2 | Got a ripped robe {god gift}
 41036 | Shoals:2 | Identified the +0 robe of Loneawn {Dex+3 Stlth+} (Okawaru gifted it to you on level 2 of the Shoals)
 41480 | Shoals:3 | Noticed Roxanne
 41608 | Shoals:3 | Killed Roxanne
 41610 | Shoals:3 | Identified Roxanne's Collected Works on Earthen Transmutation (You took it off Roxanne on level 3 of the Shoals)
 41963 | Shoals:4 | Reached XP level 18. HP: 83/96 MP: 40/40
 42033 | Shoals:4 | Found Ucaq's General Store.
 42169 | Shoals:5 | Entered Level 5 of the Shoals
 42430 | Shoals:5 | Received a gift from Okawaru
 43351 | Shoals:5 | Reached skill level 20 in Dodging
 43360 | Shoals:5 | Received a gift from Okawaru
 43368 | Shoals:5 | Got an iridescent short sword {god gift}
 43369 | Shoals:5 | Identified the +0 short sword of Ginloem {flame, Dex+5} (Okawaru gifted it to you on level 5 of the Shoals)
 43598 | Shoals:5 | Got a barnacled rune of Zot
 43752 | Shoals:5 | Noticed Ilsuiw
 44249 | Vaults:1 | Entered Level 1 of the Vaults
 44752 | Vaults:1 | Received a gift from Okawaru
 45276 | Vaults:1 | Noticed Nikola
 45901 | Vaults:2 | Received a gift from Okawaru
 46319 | Vaults:2 | Reached skill level 21 in Dodging
 46627 | Vaults:2 | Reached XP level 19. HP: 95/103 MP: 28/42
 46635 | Vaults:2 | Received a gift from Okawaru
 46763 | Vaults:2 | Found a staircase to the Crypt.
 46763 | Vaults:2 | Found an ancient bone altar of Kikubaaqudgha.
 46764 | Vaults:2 | Found a basalt altar of Yredelemnul.
 47018 | Vaults:3 | Received a gift from Okawaru
 47066 | Vaults:3 | Got a slimy rapier {god gift}
 47067 | Vaults:3 | Identified the +6 rapier of Jyashus {pain, +Blink +Fly rF+++ Dex-2} (Okawaru gifted it to you on level 3 of the Vaults)
 47802 | Vaults:3 | Received a gift from Okawaru
 48742 | Vaults:4 | Received a gift from Okawaru
 49594 | D:12     | Killed a frost giant
 49933 | Elf:1    | Entered Level 1 of the Elven Halls
 49993 | Elf:1    | Found Geeroppe's Antique Armour Boutique.
 50000 | Elf:1    | Bought an ichor-stained robe for 148 gold pieces
 50010 | Elf:1    | Identified the cursed +0 robe of the Dolphin {rN+ MP+9 Int+4} (You bought it in a shop on level 1 of the Elven Halls)
 50038 | Elf:1    | Found Roritete's Assorted Antiques.
 50091 | Elf:1    | Reached skill level 22 in Dodging
 50131 | Elf:1    | Identified the Disquisition on Creation
 50142 | Elf:1    | Learned a level 1 spell: Summon Butterflies
 50297 | Elf:1    | Found Dodar's Assorted Antiques.
 50302 | Elf:1    | Found Kiuplos's Antique Weapon Shoppe.
 50379 | Elf:1    | Found Jeeqao's Assorted Antiques.
 50388 | Elf:1    | Bought a scroll of magic mapping for 91 gold pieces
 50511 | Elf:1    | Bought a scroll labeled ENEXKU CIDEPNE for 45 gold pieces
 51052 | Elf:2    | Found Emamesi's Magic Scroll Shop.
 51439 | Elf:2    | Received a gift from Okawaru
 51468 | Elf:2    | Got a polished buckler {god gift}
 51479 | Elf:2    | Identified the +3 buckler of Inviolability {rC+ MP+9 Int+3} (Okawaru gifted it to you on level 2 of the Elven Halls)
 51496 | Elf:2    | Found a huge runed gate.
 51497 | Elf:2    | Found a huge runed gate.
 51500 | Elf:2    | Found a huge runed gate.
 52895 | Elf:2    | HP: 4/105 [deep elf knight (12)]
 53308 | Elf:3    | Entered Level 3 of the Elven Halls
 53582 | Elf:3    | Reached XP level 20. HP: 109/109 MP: 45/45
 54088 | Elf:3    | Noticed Wiglaf
 54129 | Elf:3    | Killed Wiglaf
 55055 | Elf:3    | Received a gift from Okawaru
 55057 | Elf:3    | Got a warped brass ring
 55195 | Elf:3    | Got a crude granite ring
 55307 | Elf:3    | Received a gift from Okawaru
 55367 | Elf:3    | Learned a level 2 spell: Blink
 55374 | Elf:3    | Learned a level 6 spell: Haste
 55384 | Elf:3    | Identified the ring "Emnar" {+Inv MP+9 Str+2} (You took it off a deep elf demonologist on level 3 of the Elven Halls)
 55386 | Elf:3    | Identified the ring of Wupheel {MP+9 Str+3 Int+3 Dex-4} (You took it off a deep elf master archer on level 3 of the Elven Halls)
 56048 | Depths:1 | Entered Level 1 of the Depths
 56229 | Depths:1 | Noticed Norris
 56235 | Depths:1 | Killed Norris
 56397 | Depths:1 | Found a runed door.
 56566 | Depths:1 | Received a gift from Okawaru
 56576 | Depths:1 | Reached skill level 23 in Dodging
 56904 | Depths:1 | Found a gateway to Hell.
 57349 | Depths:2 | HP: 3/111 [fire giant/great sword of flaming (26)]
 57349 | Depths:2 | Slain by a fire giant

Action                   |  1- 3 |  4- 6 |  7- 9 | 10-12 | 13-15 | 16-18 | 19-21 || total
-------------------------+-------+-------+-------+-------+-------+-------+-------++-------
Melee: Dagger            |   139 |   214 |   437 |   570 |   375 |       |       ||  1735
       Quick blade       |       |       |       |       |  1219 |   291 |   996 ||  2506
       Rapier            |       |       |       |       |   143 |  1498 |   363 ||  2004
Throw: Tomahawk          |       |       |       |     9 |     2 |       |       ||    11
 Cast: Corona            |    14 |     4 |     1 |       |     1 |       |       ||    20
       Ensorcelled Hiber |     9 |    36 |    66 |    95 |   162 |   178 |    23 ||   569
       Tukima's Dance    |       |    11 |    22 |    40 |    44 |   145 |   107 ||   369
       Confuse           |       |     3 |    48 |    58 |    56 |    40 |    26 ||   231
       Mephitic Cloud    |       |       |       |    15 |    44 |     6 |     3 ||    68
       Dazzling Spray    |       |       |       |    15 |    66 |   114 |   116 ||   311
       Passage of Golubr |       |       |       |       |     4 |     8 |     2 ||    14
       Invisibility      |       |       |       |       |     7 |     7 |     3 ||    17
       Phase Shift       |       |       |       |       |     4 |    57 |    20 ||    81
       Ozocubu's Armour  |       |       |       |       |     2 |    54 |    20 ||    76
       Spectral Weapon   |       |       |       |       |       |    40 |    25 ||    65
       Flight            |       |       |       |       |       |    27 |    10 ||    37
       Deflect Missiles  |       |       |       |       |       |     4 |     3 ||     7
       Blink             |       |       |       |       |       |       |     3 ||     3
       Summon Butterflie |       |       |       |       |       |       |     2 ||     2
Invok: Heroism           |       |       |       |       |       |     3 |     1 ||     4
Evoke: Wand              |       |       |       |       |       |     6 |     1 ||     7
  Use: Scroll            |       |     6 |    13 |     9 |    14 |    11 |    17 ||    70
       Potion            |       |     2 |     6 |       |     2 |     2 |       ||    12
 Stab: Sleeping          |    10 |    30 |    47 |    85 |   194 |   173 |    76 ||   615
       Confused          |       |       |    28 |    55 |   111 |    24 |    16 ||   234
       Invisible         |       |       |     4 |    13 |    83 |    46 |    42 ||   188
       Distracted        |       |       |     5 |     5 |     9 |    41 |    26 ||    86
       Petrified         |       |       |       |       |     2 |       |       ||     2
       Petrifying        |       |       |       |       |     1 |       |       ||     1
  Eat: Fruit             |       |     4 |       |     3 |     8 |    21 |       ||    36
       Bread ration      |       |       |     1 |       |     1 |       |     2 ||     4
       Pizza             |       |       |       |     2 |     1 |     1 |       ||     4
       Royal jelly       |       |       |       |       |     1 |       |       ||     1
